 Dungeon Crawl Stone Soup version 0.24.0-125-gc4c63601f3 (webtiles) character file.

Game seed: 4559286803704420755, levelgen mode: deterministic

129 Frank2 the Cudgeler (level 4, 0/34 HPs)
             Began as a Demonspawn Gladiator on Mar 21, 2020.
             Succumbed to an orc priest's poison
             ... on level 3 of the Dungeon.
             The game lasted 00:02:00 (1322 turns).

Frank2 the Cudgeler (Demonspawn Gladiator)          Turns: 1322, Time: 00:02:01

Health: 0/34       AC: 17    Str: 15    XL:     4   Next: 88%
Magic:  4/4        EV:  7    Int: 14    God:
Gold:   103        SH:  0    Dex: 15    Spells: 3/3 levels left

rFire    . . .     SeeInvis .   a - +1 flail
rCold    . . .     Gourm    .   (no shield)
rNeg     . . .     Faith    .   l - +3 chain mail
rPois    .         Spirit   .   c - +1 helmet
rElec    .         Reflect  .   (no cloak)
rCorr    .         Harm     .   (no gloves)
MR       .....     Clarity  +   (no boots)
Stlth    ..........             (no amulet)
HPRegen  0.11/turn              (no ring)
MPRegen  0.09/turn              (no ring)

@: brilliant, lethally poisoned (0 -> -14)
A: iridescent scales 2, clarity, mutation resistance 1
a: no special abilities


You were on level 3 of the Dungeon.
You were not hungry.

You visited 1 branch of the dungeon, and saw 3 of its levels.

You collected 103 gold pieces.

Inventory:

Hand Weapons
 a - a +1 flail (weapon)
Missiles
 d - 3 throwing nets (quivered)
Armour
 c - a +1 helmet (worn)
 l - a +3 chain mail (worn)
Wands
 g - a wand of random effects (18)
Scrolls
 b - a scroll of enchant armour
Comestibles
 f - 2 rations


   Skills:
 + Level 2.5 Fighting
 + Level 4.0 Maces & Flails
 - Level 1.8 Throwing
 + Level 1.5 Armour
 + Level 3.3 Dodging


You had 3 spell levels left.
You didn't know any spells.
Your spell library was empty.

Dungeon Overview and Level Annotations

Branches:
Dungeon (3/15)

Altars:


Innate Abilities, Weirdness & Mutations

You are mostly covered in iridescent scales. (AC +4)
You possess an exceptional clarity of mind.
You are somewhat resistant to further mutation.


Message History

* * * LOW HITPOINT WARNING * * *
You feel sick. The orc hits you but does no damage.
The orc priest hits you but does no damage.
Unknown command.
You closely miss the orc priest.
The orc priest is severely wounded.
* * * LOW HITPOINT WARNING * * *
You feel sick. The orc hits you but does no damage.
The orc priest hits you but does no damage.
The orc hits you but does no damage.
You sock the orc priest!
You kill the orc priest!
* * * LOW HITPOINT WARNING * * *
You feel sick. The orc closely misses you.
You sock the orc!
You kill the orc!
Your Maces & Flails skill increases to level 4!
* * * LOW HITPOINT WARNING * * *
You feel sick.
You die...

## [ #.
#####.###
......)@#
.####.#.#
### #.# #
#.. #.# #.
#.# #.#
#.##.###.#
#........#
#####...####
...........+


There were no monsters in sight!

Vanquished Creatures
  2 orc priests (D:3)
  2 adders (D:2)
  An ooze (D:1)
  A dart slug (D:1)
  An orc (D:3)
  2 giant cockroaches
  7 goblins
  9 hobgoblins
  6 kobolds
  2 ball pythons
  4 bats
  7 frilled lizards
  4 rats
48 creatures vanquished.

Notes
Turn   | Place    | Note
-------+----------+-------------------------------------------
     0 | D:1      | Frank2 the Demonspawn Gladiator began the quest for the
                  | Orb.
     0 | D:1      | Reached XP level 1. HP: 16/16 MP: 1/1
   109 | D:1      | Reached skill level 3 in Maces & Flails
   109 | D:1      | Gained mutation: You are partially covered in iridescent
                  | scales. (AC +2) [demonic ancestry]
   109 | D:1      | Reached XP level 2. HP: 18/22 MP: 2/2
   409 | D:1      | Gained mutation: You are mostly covered in iridescent
                  | scales. (AC +4) [demonic ancestry]
   409 | D:1      | Reached XP level 3. HP: 24/27 MP: 3/3
  1045 | D:2      | Reached skill level 1 in Armour
  1046 | D:2      | Reached XP level 4. HP: 25/34 MP: 4/4
  1315 | D:3      | Gained mutation: You possess an exceptional clarity of
                  | mind. [potion of mutation]
  1315 | D:3      | Gained mutation: You are somewhat resistant to further
                  | mutation. [potion of mutation]
  1321 | D:3      | Reached skill level 4 in Maces & Flails
  1322 | D:3      | Succumbed to an orc priest's poison

Levels and vault maps discovered:
D:1:      dpeg_arrival_rooms_a, layout_basic, chequers_avenue,
          roderic_filled_cross, chequers_jeans
D:2:      layout_rooms
D:3:      layout_loops_corners, grunt_ministairs_2

Skill      XL: |  1  2  3  4 |
---------------+-------------+-----
Maces & Flails | 3 4 |  4.0
Dodging        | 3 |  3.3
Armour         | 1 |  1.5
Fighting       | |  2.5
Throwing       | |  1.8

Action                   |  1- 3 |  4- 6 || total
-------------------------+-------+-------++-------
Melee: Flail             |   159 |    18 ||   177
  Use: Scroll            |     3 |     3 ||     6
       Potion            |       |     2 ||     2
 Stab: Sleeping          |     1 |       ||     1
  Eat: Chunk             |       |     2 ||     2
Armor: Leather armour    |    65 |       ||    65
       Chain mail        |       |    11 ||    11
Dodge: Dodged            |   147 |    10 ||   157
